 Dungeon Sprint DCSS version 0.13-a0-2531-g2ad9301 (webtiles) character file.

398 Rycklaryybbe the Unseen (level 5, -1/25 HPs)
             Began as a Spriggan Assassin on July 26, 2013.
             Was an Initiate of Okawaru.
             Slain by an elephant slug (26 damage)
             ... in the Dungeon (Sprint I: "Red Sonja").
             The game lasted 00:01:38 (117 turns).

Rycklaryybbe the Unseen (Spriggan Assassin)          Turns: 117, Time: 00:01:39

HP  -1/25        AC  3     Str  7      XL: 5   Next: 38%
MP   9/9         EV 17     Int 12      God: Okawaru [......]
Gold 212         SH  0     Dex 19      Spells:  0 memorised,  4 levels left

Res.Fire  : . . .   See Invis. : +   a - +2,+1 dagger {=f}
Res.Cold  : . . .   Warding    : .   c - +0 robe
Life Prot.: . . .   Conserve   : .   (shield restricted)
Res.Poison: .       Res.Corr.  : .   (helmet restricted)
Res.Elec. : .       Clarity    : .   d - +0 cloak
Sust.Abil.: . .     Spirit.Shd : .   (gloves unavailable)
Res.Mut.  : .       Prev.Telep.: +   (boots unavailable)
Res.Rott. : .       Flight     : .   (no amulet)
Saprovore : . . .                    (no ring)
                                     (no ring)

@: very quick, somewhat resistant to hostile enchantments, extraordinarily
stealthy
A: unfitting armour, see invisible, herbivore 3, speed 3, slow metabolism 2
a: Renounce Religion


You were in the Dungeon.
You worshipped Okawaru.
Okawaru was noncommittal.
You were not hungry.

You visited 1 branch You collected 162 gold pieces.

Inventory:

Hand weapons
 a - a +2,+1 dagger (weapon) {=f}
 b - a +0 blowgun
Missiles
 e - 7 poisoned needles
 f - 2 curare-tipped needles
Armour
 c - a +0 robe (worn)
 d - a +0 cloak (worn)
Comestibles
 n - a bread ration
Scrolls
 m - a scroll of blinking
Potions
 g - a potion of porridge
 h - a potion of curing
 i - a potion of heal wounds
 j - a potion of speed
 k - 2 potions of magic
 l - a potion of berserk rage
Magical staves
 o - an uncursed staff of power


   Skills:
 - Level 1.5 Fighting
 - Level 2.1 Short Blades
 - Level 2.1 Throwing
 - Level 1.5 Dodging
 + Level 16.7 Stealth


You had 4 spell levels left.
You didn't know any spells.

Dungeon Overview and Level Annotations

Branches:
Dungeon (1/1)

Altars:
Fedhas
Kikubaaqudgha
Makhleb
Okawaru
Xom
Zin

Shops:
D: *


Innate Abilities, Weirdness & Mutations

You are tiny and cannot use many weapons and most armour.
You have supernaturally acute eyesight.
You are a herbivore.
You cover ground extremely quickly.
You need consume almost no food.


Message History

o - an uncursed staff of power (weapon)
Wield which item (- for none, * to show all)? (? for menu, Esc to quit)
You feel your magic capacity decrease.
You are now empty-handed.
Unknown command.
a - a +2,+1 dagger (weapon)
{=f} Wield which item (- for none, * to show all)? (? for menu, Esc to quit)
Okay, then.
There is an iron altar of Okawaru here.
You kneel at the altar of Okawaru.
Okawaru welcomes you!
You open the door.
An elephant slug comes into view.
Found Twuics' General Store.
Found four altars.
There is an open door here.
The helpless elephant slug fails to defend itself.
You open the elephant slug like a pillowcase!!!!
The elephant slug is heavily wounded.
The elephant slug bites you!
Ouch! That really hurt!
You die...

################
#<<#..'..#.)'..#
#<.'..#.)'..#..+
#).#####'#####'#
#..# #..# #.#
#..#_.#### ##.#
#..#.....##+#..+
#⌠⌠#_.∩..j@..._#
####.....##_.#+#
#_._. ##+# ####


You could see an elephant slug.

Vanquished Creatures
  An ogre (D)
  Sigmund (D)
  Ijyb (D)
  A jelly (D)
4 creatures vanquished.

Notes
Turn   | Place    | Note
--------------------------------------------------------------
     0 | D        | Rycklaryybbe, the Spriggan Assassin, began the quest for the Orb.
     0 | D        | Reached XP level 1. HP: 10/10 MP: 1/1
     3 | D        | Noticed Ijyb
    36 | D        | Killed Ijyb
    36 | D        | Reached skill level 9 in Stealth
    36 | D        | Reached XP level 2. HP: 14/14 MP: 3/3
    64 | D        | Noticed an ogre
    67 | D        | Killed an ogre
    67 | D        | Reached skill level 14 in Stealth
    67 | D        | Reached XP level 3. HP: 18/18 MP: 5/5
    67 | D        | Reached XP level 4. HP: 22/22 MP: 7/7
    77 | D        | Noticed Sigmund
    80 | D        | Killed Sigmund
    80 | D        | Reached skill level 16 in Stealth
    80 | D        | Reached XP level 5. HP: 25/25 MP: 9/9
    93 | D        | Found an iron altar of Okawaru.
    95 | D        | Found a shimmering altar of Xom.
   111 | D        | Became a worshipper of Warmaster Okawaru
   115 | D        | Found a glowing silver altar of Zin.
   115 | D        | Found an ancient bone altar of Kikubaaqudgha.
   115 | D        | Found Twuics' General Store.
   115 | D        | Found a blossoming altar of Fedhas.
   115 | D        | Found a burning altar of Makhleb.
   115 | D        | Noticed an elephant slug
   117 | D        | Slain by an elephant slug

Action                   |  1- 3 |  4- 6 || total
-------------------------+-------+-------++-------
Melee: Dagger            |     5 |     3 ||     8
 Fire: Blowgun           |     9 |       ||     9
 Stab: Sleeping          |     1 |     3 ||     4
